 Dungeon Sprint DCSS version 0.22.1-6-g1668fe2 (webtiles) character file.

1869 doot the Spry (level 8, -11/44 (45) HPs)
             Began as a Felid Berserker on Jan 24, 2019.
             Was a High Priest of Trog.
             Killed from afar by a death drake (17 damage)
             ... with a foul vapour
             ... in the Dungeon (Sprint II: "The Violet Keep of Menkaure").
             The game lasted 00:05:24 (737 turns).

doot the Spry (Felid Berserker)                      Turns: 737, Time: 00:05:25

HP:   -11/44 (45)   AC:  2    Str: 15    XL:     8   Next: 90%
MP:   9/9           EV: 31    Int:  9    God:    Trog [*****.]
Gold: 1053          SH:  0    Dex: 16    Spells: 7/7 levels left
                                        Lives: 0   Deaths: 2

rFire    . . .     SeeInvis +     - Unarmed
rCold    . . .     Gourm    .   (shield unavailable)
rNeg     . . .     Faith    .   (armour unavailable)
rPois    .         Spirit   .   (helmet unavailable)
rElec    .         Reflect  .   (cloak unavailable)
rCorr    .         Harm     .   (gloves unavailable)
MR       +....     NoTele   +   (boots unavailable)
Stlth    +++.......             (no amulet)
HPRegen  0.00/turn              (no ring)
MPRegen  0.11/turn              (no ring)

@: lethally poisoned (-11 -> -43), berserk cooldown, non-regenerating, diseased,
slowed, slow
A: very small, no armour, no weapons or thrown items, stealth, claws 1, fangs 3,
see invisible, carnivore, speed 1, shaggy fur 2, slow metabolism 1, sharp paws
a: Berserk, Trog's Hand, Brothers in Arms, Renounce Religion


You were in the Dungeon.
You worshipped Trog.
Trog was extremely pleased with you.
You were not hungry.

You visited 1 branch You collected 1053 gold pieces.

Inventory:

Scrolls
 g - a scroll of blinking
 h - 3 scrolls of remove curse {unknown}
Potions
 d - a potion of haste
 e - 2 potions of magic
 f - a potion of berserk rage
Comestibles
 a - a ration


   Skills:
 + Level 12.3 Fighting
 + Level 15.4 Dodging
 + Level 5.3 Stealth
 + Level 14.5 Unarmed Combat


You had 7 spell levels left.
You didn't know any spells.
Your spell library was empty.

Dungeon Overview and Level Annotations

Branches:
Dungeon (1/1)

Altars:
Cheibriados
Dithmenos
Elyvilon
Fedhas
Gozag
Hepliaklqana
Kikubaaqudgha
Makhleb
Nemelex Xobeh
Okawaru
Qazlal
Ru
Sif Muna
Trog
Uskayaw
Vehumet
Wu Jian
Xom
Yredelemnul
Zin
The Shining One
Beogh
Jiyva
Lugonu

Shops:
D =:![=:?!!%?[}([[

Annotations:
D exclusion: oklob plant


Innate Abilities, Weirdness & Mutations

You cannot wear armour.
You are incapable of wielding weapons or throwing items.
Your paws allow you to move quietly. (Stealth)
You have sharp claws.
You have razor-sharp teeth.
You have supernaturally acute eyesight. (SInv)
You are carnivorous and can eat meat at any time.
You cover ground quickly.
You are covered in thick fur. (AC +2)
You have a slow metabolism.
Your sharp claws are effective at attacking unaware monsters.


Message History

You feel sick. The death drake closely misses you. The death drake bites you!
The polar bear barely misses you. The polar bear misses you.
The polar bear completely misses you. The death drake bites you!
* * * LOW HITPOINT WARNING * * *
The death drake completely misses you.
Unknown command.
* * * LOW HITPOINT WARNING * * *
You feel sick. The death drake closely misses you.
The swamp drake breathes noxious fumes at you.
The noxious blast engulfs the death drake.
The death drake appears unharmed.
Unknown command.
You fail to use your ability.
* * * LOW HITPOINT WARNING * * *
You feel sick. The death drake breathes miasma at you.
The foul vapour engulfs you!
You are more poisoned.
You feel your flesh rotting away!
You feel as though you will be slow longer.
You die...

#'###.##..#.(††.# .#▓$)$$?!
#.##...#..#..#†^# .#▓(!?$%(
.<.'##.'..####..##.#▓((((?!
#.##...#....###...##▓▓▓▓▓▓▓
#'###.##......≈≈§≈≈≈≈≈≈≈≈≈≈
...####≈≈.....≈#k########+#
)#..#≈≈≈≈≈≈≈..≈#k§§O._..#§§
...##≈≈≈≈≈≈§§§≈#hk§._._.#t≈
#+##≈≈≈≈§≈≈§§≈≈#@_§_._._#§§
≈ ≈≈≈≈≈≈§≈§≈§≈§#_._._._.#≈≈
+#+++#≈≈≈≈≈§§§§#._._._..#§§
§. ##§§≈###≈≈#_._._...#§≈
.§ #§≈#._._....#≈§ §
#≈≈#_._.....#≈≈
≈≈≈##########§§
#####≈≈≈≈≈≈≈≈≈
§§###≈########


You could see 2 death drakes, a polar bear, a swamp drake and a friendly
two-headed ogre (berserk).

Vanquished Creatures
  A merfolk siren (D)
  2 spiny frogs (D)
  2 polar bears (D)
  2 tyrant leeches (D)
  A hornet (D)
  A blink frog (D)
  2 hippogriffs (D)
  Menkaure (D)
  4 necrophages (D)
16 creatures vanquished.

Vanquished Creatures (collateral kills)
  An iron elemental (D)
  A yaktaur (D)
2 creatures vanquished.

Vanquished Creatures (others)
  A crocodile (D)
1 creature vanquished.

Grand Total: 19 creatures vanquished

Notes
Turn   | Place    | Note
-------+----------+-------------------------------------------
     0 | D        | doot the Felid Berserker began the quest for the Orb.
     0 | D        | Reached XP level 1. HP: 10/10 MP: 2/2
     1 | D        | Noticed a necrophage
     1 | D        | Noticed a necrophage
     1 | D        | Noticed a necrophage
     1 | D        | Noticed a necrophage
     4 | D        | Killed a necrophage
     4 | D        | Reached skill level 5 in Fighting
     4 | D        | Reached skill level 7 in Dodging
     4 | D        | Reached skill level 5 in Unarmed Combat
     4 | D        | Reached XP level 2. HP: 16/16 MP: 3/3
     4 | D        | Reached XP level 3. HP: 20/20 MP: 4/4
     4 | D        | Reached XP level 4. HP: 24/24 MP: 5/5
     9 | D        | Killed a necrophage
     9 | D        | Reached skill level 8 in Dodging
     9 | D        | Reached XP level 5. HP: 28/28 MP: 6/6
    11 | D        | Killed a necrophage
    11 | D        | Reached ** piety under Trog
    11 | D        | Reached skill level 9 in Dodging
    14 | D        | Killed a necrophage
    14 | D        | Reached skill level 10 in Dodging
    14 | D        | Gained mutation: You are covered in thick fur. (AC +2)
                  | [Felid growth]
    14 | D        | Reached XP level 6. HP: 33/33 MP: 7/7
    71 | D        | Noticed a merfolk siren
    80 | D        | Killed a merfolk siren
    80 | D        | Reached *** piety under Trog
    80 | D        | Reached skill level 12 in Dodging
    80 | D        | Reached skill level 1 in Stealth
    80 | D        | Reached skill level 10 in Unarmed Combat
    80 | D        | Reached XP level 7. HP: 38/38 MP: 8/8
    92 | D        | Noticed a hippogriff
    92 | D        | Noticed a hippogriff
   104 | D        | Killed a hippogriff
   104 | D        | Reached skill level 10 in Fighting
   153 | D        | Killed a hippogriff
   153 | D        | Reached XP level 8. HP: 27/43 MP: 9/9
   278 | D        | Noticed a tyrant leech
   278 | D        | Noticed a tyrant leech
   283 | D        | Killed a tyrant leech
   283 | D        | Reached skill level 13 in Dodging
   285 | D        | Killed a tyrant leech
   285 | D        | Reached **** piety under Trog
   330 | D        | Found Wuvusuph's Antique Weapon Emporium.
   330 | D        | Found Itsu's Antique Armour Emporium.
   330 | D        | Found Fiown's Food Shoppe.
   330 | D        | Found Lyerok's Gadget Shoppe.
   330 | D        | Found Estel's Antique Armour Shoppe.
   330 | D        | Found Bisuf's Distillery.
   330 | D        | Found Vydiupt's Armour Emporium.
   330 | D        | Found Oxullyph's Distillery.
   331 | D        | Found Novug's Magic Scroll Emporium.
   331 | D        | Found Hiahilos's Book Shoppe.
   331 | D        | Found Upparis's Jewellery Shoppe.
   332 | D        | Found Egroifet's Magic Scroll Emporium.
   333 | D        | Found Nymaepru's Antique Armour Shoppe.
   333 | D        | Found Foubia's Distillery.
   333 | D        | Noticed Menkaure
   333 | D        | Noticed an oklob plant
   334 | D        | Found Qutwemae's Jewellery Shoppe.
   334 | D        | Found Wyos's Book Shoppe.
   348 | D        | Noticed an orange crystal statue
   354 | D        | Killed Menkaure
   394 | D        | Noticed a fire dragon
   397 | D        | Noticed a shining eye
   397 | D        | Noticed a shining eye
   399 | D        | Noticed a shining eye
   431 | D        | Noticed a blink frog
   452 | D        | Killed a blink frog
   566 | D        | Found a glowing silver altar of Zin.
   567 | D        | Found a glowing golden altar of the Shining One.
   567 | D        | Found a basalt altar of Yredelemnul.
   567 | D        | Found a hide-covered altar of Uskayaw.
   568 | D        | Found a shimmering altar of Xom.
   568 | D        | Found a bloodstained altar of Trog.
   569 | D        | Found an ornate altar of the Wu Jian Council.
   569 | D        | Found a deep blue altar of Sif Muna.
   569 | D        | Found a corrupted altar of Lugonu.
   569 | D        | Found a radiant altar of Vehumet.
   569 | D        | Found a burning altar of Makhleb.
   570 | D        | Found a sacrificial altar of Ru.
   570 | D        | Found an ancient bone altar of Kikubaaqudgha.
   570 | D        | Found a white marble altar of Elyvilon.
   571 | D        | Found a stormy altar of Qazlal.
   571 | D        | Found a viscous altar of Jiyva.
   571 | D        | Found a shadowy altar of Dithmenos.
   572 | D        | Found a hazy altar of Hepliaklqana.
   572 | D        | Found a snail-covered altar of Cheibriados.
   579 | D        | Noticed a spiny frog
   579 | D        | Noticed a spiny frog
   583 | D        | Killed a spiny frog
   583 | D        | Reached skill level 14 in Dodging
   583 | D        | Reached XP level 9. HP: 48/48 MP: 10/10
   585 | D        | Killed a spiny frog
   585 | D        | Reached ***** piety under Trog
   670 | D        | Noticed a deep elf master archer
   673 | D        | Noticed an iron elemental
   687 | D        | Killed from afar by an iron elemental
   688 | D        | Reached XP level 8. HP: -21/67 MP: 9/9
   701 | D        | Noticed a death drake
   702 | D        | Killed from afar by an iron elemental
   703 | D        | Reached XP level 7. HP: -20/41 MP: 8/8
   703 | D        | Found a roughly hewn altar of Beogh.
   703 | D        | Found a sparkling altar of Nemelex Xobeh.
   703 | D        | Found a blossoming altar of Fedhas.
   703 | D        | Found an opulent altar of Gozag.
   703 | D        | Found an iron altar of Okawaru.
   703 | D        | Noticed a polar bear
   704 | D        | Noticed a hornet
   705 | D        | Noticed a yaktaur
   706 | D        | Noticed a polar bear
   707 | D        | Noticed a polar bear
   709 | D        | Noticed a death drake
   717 | D        | Killed a polar bear
   722 | D        | Killed a hornet
   726 | D        | Killed a polar bear
   726 | D        | Reached XP level 8. HP: 45/45 MP: 9/9
   727 | D        | Killed an iron elemental
   727 | D        | Reached skill level 15 in Dodging
   727 | D        | Reached skill level 5 in Stealth
   731 | D        | Killed a yaktaur
   737 | D        | Killed from afar by a death drake

Skill      XL: |  1  2  3  4  5  6  7  8  9 |
---------------+----------------------------+-----
Fighting       | 5 6 8 9 12 11 | 12.3
Dodging        | 7 8 10 12 15 | 15.4
Unarmed Combat | 5 7 8 10 11 14 13 | 14.5
Stealth        | 1 4 5 |  5.3

Action                   |  1- 3 |  4- 6 |  7- 9 || total
-------------------------+-------+-------+-------++-------
Melee: Unarmed           |     2 |    17 |    50 ||    69
       Bite              |       |     1 |     7 ||     8
       Punch             |       |       |     7 ||     7
Invok: Berserk           |     1 |       |     6 ||     7
       Brothers in Arms  |       |       |     2 ||     2
  Use: Potion            |       |       |     2 ||     2
 Stab: Sleeping          |       |     1 |     1 ||     2
  Eat: Chunk             |       |       |     8 ||     8
Dodge: Dodged            |       |     4 |    57 ||    61
